 Dungeon Crawl Stone Soup version 0.29.1-15-g9cfb28693d (webtiles) character file.

Game seed: 2883762681386547299

337 kingofthe the Conjurer (level 6, 0/32 HPs)
             Began as a Deep Elf Conjurer on Mar 1, 2023.
             Slain by a gnoll sergeant
             ... wielding a +0 spear
              (4 damage)
             ... on level 4 of the Dungeon.
             The game lasted 00:07:34 (3818 turns).

kingofthe the Conjurer (Deep Elf Conjurer)          Turns: 3818, Time: 00:07:34

Health: 0/32       AC:  3    Str: 10    XL:     6   Next: 28%
Magic:  3/14       EV: 13    Int: 18    God:
Gold:   169        SH:  0    Dex: 15    Spells: 8/14 levels left

rFire   . . .      SeeInvis .   b - +4 short sword of Ciare {freeze, rC+ Will++ Int-5}
rCold   + . .      Faith    .   (no shield)
rNeg    + . .      Spirit   .   a - +0 robe
rPois   .          Reflect  .   (no helmet)
rElec   .          Harm     .   h - +0 cloak
rCorr   .          Rampage  .   (no gloves)
Will    ++...                   (no boots)
Stlth   +++.......              (no amulet)
HPRegen 0.10/turn               N - ring of positive energy
MPRegen 0.14/turn               S - +6 ring of strength

@: no status effects
A: no striking features
a: no special abilities


You were on level 4 of the Dungeon.
You visited 1 branch of the dungeon, and saw 4 of its levels.

You collected 169 gold pieces.


   Skills:
 + Level 3.9 Dodging
 + Level 4.1 Stealth
 * Level 4.6 Spellcasting
 + Level 5.3 Conjurations
 - Level 2.0 Air Magic
 * Level 2.6 Poison Magic


You had 8 spell levels left.
You knew the following spells:

 Your Spells              Type           Power      Damage    Failure   Level
a - Magic Dart            Conj           92%        1d7       1%          1
b - Searing Ray           Conj           46%        2d6       2%          2
c - Mephitic Cloud        Conj/Pois/Air  16%        N/A       11%         3

Your spell library contained the following spells:

 Spells                   Type           Power      Damage    Failure   Level
 Dazzling Flash           Conj/Hex       26%        N/A       14%         3
 Swiftness                Air            11%        N/A       19%         3
 Call Imp                 Summ           4%         N/A       22%         2
 Ensorcelled Hibernation  Hex/Ice        8%         N/A       22%         2
 Passwall                 Tmut/Erth      3%         N/A       22%         2
 Fulminant Prism          Conj/Hex       6%         3d7       41%         4
 Iskenderun's Mystic Bla  Conj/Tloc      13%        2d5       41%         4

Inventory:

Hand Weapons
 b - the +4 short sword of Ciare (weapon) {freeze, rC+ Will++ Int-5}
   (You found it on level 3 of the Dungeon)

   It freezes those it strikes, dealing additional cold damage.
   It can also slow down cold-blooded creatures.
   Int:       It affects your intelligence (-5).
   rC:        It protects you from cold.
   Will:      It greatly increases your willpower.
Armour
 a - a +0 robe (worn)
 h - a +0 cloak (worn)
Jewellery
 n - a ring of positive energy
 N - a ring of positive energy (left hand)
 S - a +6 ring of strength (right hand)
Wands
 q - a wand of quicksilver (12)
 v - a wand of paralysis (11)
Scrolls
 c - 2 scrolls of magic mapping {unknown}
 e - 2 scrolls of blinking {unknown}
 f - a scroll of immolation {unknown}
 g - a scroll of brand weapon {unknown}
 i - 2 scrolls of teleportation {unknown}
 l - a scroll of identify {unknown}
 p - a scroll of amnesia {unknown}
 r - a scroll of vulnerability {unknown}
Potions
 d - 3 potions of flight {unknown}
 j - 2 potions of mutation {unknown}
 k - a potion of attraction {unknown}
 m - a potion of ambrosia {unknown}
 o - 3 potions of heal wounds {unknown}
 s - a potion of magic
 t - a potion of berserk rage {unknown}
 u - 2 potions of might {unknown}

Dungeon Overview and Level Annotations

Branches:
Dungeon (4/15)
 Temple: D:4-7

Altars:
Dithmenos
Fedhas
Hepliaklqana
Ru

Annotations:
D:4 Blork the orc

.†.....# ##............
.......###.............
.........).............
.......#####...........
.......# #..........#
#....### #.......##
#..### ###..#### #.##
####..##### #.#
#≈≈≈≈@≈≈≈≈# .##
#≈▒▒≈.≈▒▒≈# ..# # ▒▒g▒▒
##.# .). #.# ▒.).▒ #.#
▒.(.▒ #.# ▒▒▒▒▒ #.# #.


You could see a gnoll sergeant.


Message History

The gnoll sergeant is moderately wounded. (Press . to maintain the ray.)
The searing ray hits the gnoll sergeant.
The gnoll sergeant is heavily wounded.
The searing ray hits the gnoll.
The gnoll is moderately wounded.
The gnoll sergeant hits you from afar with a +0 spear!
* * * LOW HITPOINT WARNING * * *
The searing ray hits the gnoll sergeant.
The gnoll sergeant is severely wounded.
The searing ray hits the gnoll!
The gnoll is almost dead.
The gnoll sergeant hits you from afar with a +0 spear!
* * * LOW HITPOINT WARNING * * *
The searing ray hits the gnoll sergeant.
The gnoll sergeant is almost dead.
The searing ray hits the gnoll.
You kill the gnoll!
You finish channelling your searing ray.
The gnoll sergeant closely misses you.
Casting: Searing Ray (safe; 2% risk of failure)
Confirm with . or Enter, or press ? or * to list all spells.
Aiming: Searing Ray (safe; 2% risk of failure)
Press: ? - help, Shift-Dir - straight line, f/p - gnoll sergeant
Aim: a gnoll sergeant, wielding a +0 spear and wearing a +0 scale mail (almost dead, 84% to hit)
The searing ray hits the gnoll sergeant but does no damage.
The gnoll sergeant is almost dead. (Press . to maintain the ray.)
The gnoll sergeant hits you from afar with a +0 spear.
You die...

Skill      XL: |  1  2  3  4  5  6 |
---------------+-------------------+-----
Stealth        | 3 4 |  4.1
Dodging        | 3 |  3.9
Poison Magic   | 1 2 |  2.6
Air Magic      | 1 2 |  2.0
Conjurations   | 5 |  5.3
Spellcasting   | 4 |  4.6

Action                   |  1- 3 |  4- 6 || total
-------------------------+-------+-------++-------
 Cast: Magic Dart        |    71 |    46 ||   117
       Searing Ray       |     3 |    11 ||    14
Armor: Robe              |     1 |     1 ||     2
Dodge: Dodged            |     4 |    11 ||    15

Levels and vault maps discovered:
D:1:      arrival_aquarium_a, layout_loops_ring, serial_forest,
          infiniplex_forest_clump_small, infiniplex_forest_straight_3,
          infiniplex_forest_lined_2, infiniplex_forest_diagonal,
          infiniplex_forest_zigzag_1, infiniplex_forest_lined_3,
          infiniplex_forest_clump_small, shapermc_ecumenical_altar_flowoftime
D:2:      layout_basic, uniq_jessica
D:3:      layout_loops_cross, amcnicky_altar_gilded,
          chequers_temple_overflow_statue_of_worship
D:4:      layout_cave_pods, lightli_minifort, uniq_blork_the_orc

Notes
Turn   | Place    | Note
-------+----------+-------------------------------------------
     0 | D:1      | kingofthe the Deep Elf Conjurer began the quest for the
                  | Orb.
     0 | D:1      | Reached XP level 1. HP: 10/10 MP: 6/6
     1 | D:1      | Noticed an electric eel
   210 | D:1      | Reached XP level 2. HP: 15/15 MP: 4/8
   491 | D:1      | Learned a level 2 spell: Searing Ray
   578 | D:1      | Found a faded altar of an unknown god.
  1082 | D:1      | Reached skill level 3 in Stealth
  1192 | D:2      | Reached skill level 3 in Dodging
  1321 | D:1      | Reached XP level 3. HP: 10/19 MP: 0/10
  1725 | D:2      | Learned a level 3 spell: Mephitic Cloud
  2080 | D:2      | Noticed Jessica
  2083 | D:2      | Killed Jessica
  2084 | D:2      | Reached skill level 1 in Poison Magic
  2084 | D:2      | Reached XP level 4. HP: 24/24 MP: 7/11
  2251 | D:3      | Found a hazy altar of Hepliaklqana.
  2251 | D:3      | Found a blossoming altar of Fedhas.
  2252 | D:3      | Found a shadowy altar of Dithmenos.
  2260 | D:3      | Reached skill level 1 in Air Magic
  2505 | D:3      | Identified the +4 short sword of Ciare {freeze, rC+ Will++
                  | Int-5}
  2784 | D:3      | Reached skill level 5 in Conjurations
  2876 | D:3      | Found a sacrificial altar of Ru.
  2895 | D:3      | Reached skill level 4 in Spellcasting
  2939 | D:3      | Reached XP level 5. HP: 26/28 MP: 8/13
  3225 | D:4      | Reached skill level 2 in Air Magic
  3225 | D:4      | Reached skill level 2 in Poison Magic
  3302 | D:4      | Reached XP level 6. HP: 32/32 MP: 8/14
  3387 | D:4      | Noticed Blork the orc
  3812 | D:4      | Reached skill level 4 in Stealth
  3818 | D:4      | Slain by a gnoll sergeant

Vanquished Creatures
  A scorpion (D:4)
  An orc priest (D:3)
  A hound (D:4)
  Jessica (D:2)
  An orc wizard (D:3)
  An iguana (D:4)
  5 gnolls (D:4)
  2 adders
  2 worms
  A dart slug (D:3)
  7 orcs
  7 ball pythons
  4 bats
  8 endoplasms
  3 giant cockroaches
  5 goblins
  5 hobgoblins
  A jackal (D:4)
  3 kobolds
  4 frilled lizards
  7 rats
70 creatures vanquished.

Vanquished Creatures (others)
  4 withered plants (D:1)
4 creatures vanquished.

Grand Total: 74 creatures vanquished

Table legend: (Time is in decaauts)
 A = Elapsed time spent in this place.
 B = Non-inter-level travel time spent in this place.
 C = Inter-level travel time spent in this place.
 D = Time resting spent in this place.
 E = Time spent auto-exploring this place.
 F = Levels seen in this place.
 G = Mean time per level.
                   A        B        C        D        E       F      G
               +--------+--------+--------+--------+--------+-----+--------+
         Total |   3818 |   3695 |    123 |    337 |   2955 |   4 |  954.5 |
       Dungeon |   3818 |   3695 |    123 |    337 |   2955 |   4 |  954.5 |
               +--------+--------+--------+--------+--------+-----+--------+

Top non-repeatable levels by time:
     D:1: 1368 daAuts
     D:3: 1056 daAuts
     D:2: 841 daAuts
     D:4: 552 daAuts

Table legend:
 A = Non-vault XP
 B = Vault XP
 C = Vault XP percentage of total XP
 D = Non-vault monster count
 E = Vault monster count
 F = Vault count percentage of total count
                 A         B        C        D         E       F
            +---------+---------+-------+---------+---------+-------
      Total |     374 |     108 |  22.4 |      64 |       6 |   8.6
            +---------+---------+-------+---------+---------+-------
        D:1 |      38 |       0 |   0.0 |      19 |       0 |   0.0
        D:2 |      30 |      37 |  55.2 |      17 |       1 |   5.6
        D:3 |     119 |       0 |   0.0 |      17 |       0 |   0.0
        D:4 |     187 |      71 |  27.5 |      11 |       5 |  31.2
            +---------+---------+-------+---------+---------+-------
